 Dungeon Crawl Stone Soup version 0.27-a0-1196-g3e9cee4cb2 (webtiles) character file.

Game seed: 16542331381496421272

72820 Strat the Warrior (level 15, 0/122 HPs)
             Began as a Djinni Artificer on May 27, 2021.
             Was the Champion of Makhleb.
             Slain by a sixfirhy (5 damage)
             ... summoned by an orc sorcerer
             ... on level 2 of the Orcish Mines.
             The game lasted 01:21:26 (29581 turns).

Strat the Warrior (Djinni Artificer)               Turns: 29581, Time: 01:21:27

Health: 0/122      AC: 11    Str: 12    XL:     15   Next: 87%
Gold:   3434       EV: 17    Int: 23    God:    Makhleb [******] SH:  5 Dex: 16

rFire    + + .     SeeInvis .   b - staff of conjuration
rCold    . . .     Faith    .   (no shield)
rNeg     . . .     Spirit   .   G - +2 robe {Archmagi}
rPois    ∞         Reflect  +   k - +2 hat of Lugonu's Reproof {Int+4}
rElec    .         Harm     .   F - +0 cloak
rCorr    .         Rampage  .   D - +2 pair of gloves
Will     +++..                  (boots unavailable)
Stlth    ++........             g - amulet of reflection
HPRegen  0.30/turn              o - ring of protection from cold
MPRegen  0.00/turn              x - ring of the Mage {Wiz Will++ Int+3}

@: flying
A: sickness immunity, fire resistance 2, cold vulnerability 1, float, innate
caster, hp casting, extra vitality 1
a: Renounce Religion, Minor Destruction, Lesser Servant of Makhleb, Major
Destruction, Greater Servant of Makhleb


You were on level 2 of the Orcish Mines.
You worshipped Makhleb.
Makhleb was exalted by your worship.
You visited 4 branches of the dungeon, and saw 20 of its levels.

You collected 3434 gold pieces.

Inventory:

Hand Weapons
 a - a +2 demon whip of draining
 w - a +2 short sword of venom
Missiles
 f - 636 stones (quivered)
 m - 64 poisoned darts
 p - a throwing net
 v - 2 boomerangs of dispersal
 y - 4 curare-tipped darts
Armour
 k - the +2 hat of Lugonu's Reproof (worn) {Int+4}
   (You acquired it on level 4 of the Dungeon)

   It affects your intelligence (+4).
 B - +0 acid dragon scales
 D - a +2 pair of gloves (worn)
 F - a +0 cloak (worn)
 G - a +2 robe of the Archmagi (worn)
Magical Staves
 b - a staff of conjuration (weapon)
Jewellery
 g - an amulet of reflection (around neck)
 l - a +6 ring of dexterity
 o - a ring of protection from cold (left hand)
 q - a ring of see invisible
 x - the ring of the Mage (right hand) {Wiz Will++ Int+3}
   (You acquired it on level 5 of the Dungeon)

   [ring of wizardry]

   It improves your spell success rate.
   It affects your intelligence (+3).
   It greatly increases your willpower.
Wands
 c - a wand of flame (50)
 d - a wand of charming (54)
 A - a wand of digging (6)
 H - a wand of iceblast (9)
Scrolls
 r - a scroll of fog
 C - 2 scrolls of brand weapon
 K - 5 scrolls of identify
Potions
 h - 8 potions of brilliance
 i - 3 potions of curing
 j - 6 potions of might
 n - 4 potions of mutation
 s - a potion of berserk rage
 u - 12 potions of degeneration
 z - 2 potions of haste
 E - a potion of resistance {unknown}
 J - 2 potions of ambrosia
Miscellaneous
 e - a piece from Xom's chessboard (15/15)


   Skills:
 + Level 16.3 Fighting
 - Level 7.7 Armour
 - Level 10.2 Dodging
 - Level 0.7 Stealth
 - Level 10.0 Spellcasting
 + Level 12.0 Invocations
 - Level 3.0 Evocations


You had 10 spell levels left.
You knew the following spells:

 Your Spells              Type           Power      Damage    Failure   Level
a - Sting                 Tmut/Pois      100%       1d8       1%          1
b - Blink                 Tloc           N/A        N/A       1%          2
c - Stone Arrow           Conj/Erth      100%       3d13      1%          3
d - Inner Flame           Hex/Fire       72%        N/A       1%          3
e - Iskenderun's Mystic   Conj/Tloc      92%        2d18      1%          4
f - Hydra Form            Tmut           36%        N/A       1%          5
g - Shadow Creatures      Summ           N/A        N/A       6%          6
Your spell library was empty.

Dungeon Overview and Level Annotations

Branches:
Dungeon (11/15)            Temple (1/1) D:6            Lair (6/6) D:11
 Shoals (0/4) Lair:2        Snake (0/4) Lair:2        Slime (0/5) Lair:5
    Orc (2/2) D:10            Elf (0/3) Orc:2

Altars:
Ashenzari
Cheibriados
Dithmenos
Elyvilon
Fedhas
Gozag
Hepliaklqana
Kikubaaqudgha
Makhleb
Nemelex Xobeh
Okawaru
Qazlal
Ru
Sif Muna
Trog
Uskayaw
Vehumet
Wu Jian
Xom
Yredelemnul
Zin
The Shining One
Beogh

Shops:
D:1 [   D:6 (   Orc:1 *   Orc:2 [

Portals:
Hell: Lair:6

Annotations:
D:7 2 transporters, pokeman's ghost, novice DEWz
Lair:2 3 runed translucent doors, Cheivey's ghost, adept MiFi
Lair:5 exclusion: oklob plant
Orc:2 Saint Roka


Innate Abilities, Weirdness & Mutations

You are immune to sickness and miasma.
You are immune to poison.
Your flesh is very heat resistant. (rF++)
You are vulnerable to cold. (rC-)
You float through the air rather than walking.
You learn spells naturally, not from books.
Your magical power is your life essence.
You have superior vitality. (+4 HP)


Message History

Things that are here:
a +0 flail; 25 gold pieces Saint Roka roars a battlecry!
The orcs go into a battle-frenzy!
The orc priest calls down the wrath of Beogh upon you.
Beogh smites you!
* * * LOW HITPOINT WARNING * * *
The sixfirhy hits you.
* * * LOW HITPOINT WARNING * * *
The sixfirhy shocks you!
* * * LOW HITPOINT WARNING * * *
The sixfirhy hits you but does no damage.
You block the sixfirhy's attack.
Okay, then.
Casting: Stone Arrow (safe; 1% risk of failure)
Confirm with . or Enter, or press ? or * to list all spells.
You feel a surge of power!
You blink.
* * * LOW HITPOINT WARNING * * *
The orc warrior misses you.
Saint Roka roars a battlecry!
An orc sorcerer comes into view. It is wielding a +0 dagger.
Casting: Blink (safe; 1% risk of failure)
Confirm with . or Enter, or press ? or * to list all spells.
You feel a surge of power!
You blink.
* * * LOW HITPOINT WARNING * * *
The orc completely misses you. The orc priest barely misses you.
An orc comes into view.
It is wielding a +0 mace and quivering boomerangs of dispersal.
Casting: Blink (safe; 1% risk of failure)
Confirm with . or Enter, or press ? or * to list all spells.
You feel a surge of power!
You blink.
* * * LOW HITPOINT WARNING * * *
An orc warrior comes into view. It is wielding a +0 morningstar.
The orc wizard points at you and mumbles some strange words.
The magic dart hits you but does no damage.
The orc priest calls down the wrath of Beogh upon you.
You resist with almost no effort. The sixfirhy misses you.
You block the sixfirhy's attack.
The orc sorcerer's eyes start to glow.
The sixfirhy hits you.
You die...

#8.#..§oo......#.................
####....oo.#.......#.............
#......oo.......#.###..........
##....).o...........###.<.......
##.)....oo..........## #.........
.))).......oo.....### #........#
####.......#....### #.........
#...........o.########........#
##.......##...3@...............
#......#####..#####............
##.....## #.## ##.........
#......# #.# #.....### ##.##..##
#.# +...### .. ####...# #.#
#....######.. ## ##.## #.##
##...>.#...... .# ###
#..#####..#.......... .#
#....................


You could see Saint Roka, a sixfirhy (summoned), an orc sorcerer (strong), an
orc warrior (strong) and 5 orcs.

Vanquished Creatures
  Donald (Orc:2)
  A dire elephant (Lair:6)
  Snorg (D:10)
  Harold (D:7)
  8 hydras
  7 death yaks
  5 two-headed ogres
  Nergalle (D:10)
  A sixfirhy (Lair:6)
  A wizard (Lair:6)
  An orc knight (Orc:1)
  A deep elf zephyrmancer (D:9)
  A deep elf pyromancer (D:9)
  A lindwurm (Lair:5)
  An ugly thing (D:7)
  5 elephants (Lair:6)
  Maurice (D:10)
  5 black mambas
  2 orange demons (Lair:6)
  A torpor snail (Lair:4)
  A gargoyle (D:10)
  13 cane toads
  Maggie (D:6)
  A kobold demonologist (D:11)
  An unseen horror (D:11)
  5 rime drakes
  A hellwing (Lair:6)
  8 komodo dragons
  A red devil (Lair:6)
  3 polar bears
  5 ice devils
  3 trolls
  2 slime creatures (Lair:5)
  13 blink frogs
  15 dream sheep (Lair:6)
  Sigmund (D:4)
  2 nameless horrors (Orc:2)
  A vampire (D:11)
  46 yaks
  8 wyverns
  3 basilisks (Lair:6)
  A steam dragon (D:9)
  4 wargs
  An acid dragon (D:10)
  18 water moccasins
  3 hell hounds (Lair:6)
  A naga (Lair:2)
  Duvessa (D:4)
  27 orc warriors
  3 sky beasts
  2 swamp drakes
  3 ice beasts
  2 black bears
  A necrophage (D:6)
  2 hornet zombies (D:8)
  11 ogres
  17 wolves
  3 centaurs
  4 kobold brigands
  Blork the orc (D:6)
  11 bullfrogs
  A scorpion (D:11)
  A wyvern skeleton (D:6)
  12 killer bees
  5 wights (D:10)
  2 howler monkeys (D:11)
  A crimson imp (D:9)
  A bullfrog zombie (D:7)
  2 bullfrog skeletons
  3 jellies
  Crazy Yiuf (D:6)
  3 centaur skeletons
  A hound (D:6)
  12 orc priests
  An iron imp (D:9)
  2 iguanas
  27 orc wizards
  4 hell rats (Lair:6)
  A killer bee zombie (D:7)
  A mummy (D:6)
  4 gnolls
  6 river rats (Lair:6)
  3 adders
  3 shadow imps
  A white imp (D:9)
  A dart slug (D:3)
  A worm (D:2)
  108 orcs
  2 bats
  8 endoplasms
  5 goblins
  A hobgoblin (D:10)
  6 jackals (D:1)
  5 quokkas
  10 ball pythons
  6 frilled lizards
  19 kobolds
  A kobold zombie (D:6)
  An orc zombie (D:6)
  10 rats
578 creatures vanquished.

Vanquished Creatures (collateral kills)
  2 death yaks (Lair:6)
  A cane toad (Lair:1)
  A komodo dragon (Lair:1)
  2 yaks
  Dowan (D:4)
7 creatures vanquished.

Vanquished Creatures (others)
  5 bushes (Lair:6)
  42 fungi
  47 plants
94 creatures vanquished.

Grand Total: 679 creatures vanquished

Notes
Turn   | Place    | Note
-------+----------+-------------------------------------------
     0 | D:1      | Strat the Djinni Artificer began the quest for the Orb.
     0 | D:1      | Reached XP level 1. HP: 17/17 MP: 0/0
   269 | D:1      | Reached XP level 2. HP: 23/23 MP: 0/0
   331 | D:1      | Reached skill level 2 in Fighting
   337 | D:1      | HP: 1/23 [jackal (1)]
  1244 | D:1      | Reached XP level 3. HP: 29/29 MP: 0/0
  1244 | D:1      | Learned a level 1 spell: Sting
  1259 | D:1      | Found Giopuac's Armour Shop.
  1729 | D:2      | Reached skill level 3 in Fighting
  1729 | D:2      | Reached XP level 4. HP: 27/37 MP: 0/0
  2478 | D:2      | Found a faded altar of an unknown god.
  2539 | D:2      | Reached skill level 4 in Fighting
  2924 | D:3      | Noticed an ice beast
  2957 | D:3      | Killed an ice beast
  2958 | D:3      | Reached skill level 5 in Fighting
  2958 | D:3      | Reached XP level 5. HP: 43/43 MP: 0/0
  2958 | D:3      | Learned a level 2 spell: Blink
  3122 | D:3      | Found a stormy altar of Qazlal.
  3571 | D:3      | Found an opulent altar of Gozag.
  3686 | D:3      | Reached XP level 6. HP: 33/49 MP: 0/0
  4131 | D:4      | Noticed Duvessa
  4131 | D:4      | Noticed Dowan
  4204 | D:4      | Identified 2 scrolls of acquirement
  4204 | D:4      | Acquired the +2 hat of Lugonu's Reproof {Int+4}
  4221 | D:4      | Acquired an amulet of reflection
  4253 | D:4      | Noticed a sky beast
  4398 | D:4      | Killed a sky beast
  4399 | D:4      | Reached skill level 1 in Spellcasting
  4549 | D:4      | Acquired 1188 gold pieces
  4575 | D:4      | Killed Dowan
  4633 | D:4      | Killed Duvessa
  4634 | D:4      | Reached XP level 7. HP: 24/54 MP: 0/0
  4634 | D:4      | Learned a level 3 spell: Stone Arrow
  4898 | D:4      | Noticed Sigmund
  4987 | D:4      | Killed Sigmund
  5562 | D:5      | Entered Level 5 of the Dungeon
  5667 | D:5      | Reached XP level 8. HP: 55/61 MP: 0/0
  5796 | D:5      | Reached skill level 6 in Fighting
  5927 | D:5      | Reached skill level 5 in Dodging
  6287 | D:5      | Acquired the ring of the Mage {Wiz Will++ Int+3}
  6288 | D:5      | Found the ring of the Mage {Wiz Will++ Int+3}
  6290 | D:5      | Found a basalt altar of Yredelemnul.
  6401 | D:5      | Found a glowing golden altar of the Shining One.
  6404 | D:5      | Noticed an angel
  6484 | D:6      | Noticed Blork the orc
  6736 | D:6      | Killed Blork the orc
  6737 | D:6      | Reached XP level 9. HP: 55/67 MP: 0/0
  6737 | D:6      | Learned a level 3 spell: Inner Flame
  6800 | D:6      | Found Qisseups's Weapon Emporium.
  6933 | D:6      | Reached skill level 7 in Fighting
  7073 | D:6      | Found a staircase to the Ecumenical Temple.
  7519 | D:6      | Found a runed translucent door.
  7520 | D:6      | Noticed Crazy Yiuf
  7547 | D:6      | Noticed Maggie
  7578 | D:6      | Killed Maggie
  7579 | D:6      | Reached skill level 5 in Spellcasting
  7930 | D:6      | Killed Crazy Yiuf
  8312 | D:7      | Noticed Harold
  8333 | D:7      | Killed Harold
  8334 | D:7      | Reached skill level 8 in Fighting
  8334 | D:7      | Reached XP level 10. HP: 16/76 MP: 0/0
  8923 | D:7      | Reached skill level 11 in Fighting
  8923 | D:7      | Reached XP level 11. HP: 87/87 MP: 0/0
  8923 | D:7      | Learned a level 4 spell: Iskenderun's Mystic Blast
  8924 | D:7      | Reached skill level 12 in Fighting
  8924 | D:7      | Reached skill level 5 in Armour
  8924 | D:7      | Reached skill level 10 in Dodging
  8924 | D:7      | Reached XP level 12. HP: 95/95 MP: 0/0
  8937 | D:7      | Noticed pokeman's ghost (novice DEWz)
  8938 | D:7      | Found a transporter.
  8991 | D:7      | Noticed an eight-headed hydra
  9013 | D:7      | Killed an eight-headed hydra
  9572 | Temple   | Entered the Ecumenical Temple
  9781 | D:7      | Found a transporter.
  9966 | D:8      | Found a burning altar of Makhleb.
  9982 | D:8      | Became a worshipper of Makhleb the Destroyer
 11272 | D:9      | Reached * piety under Makhleb
 11688 | D:9      | Reached skill level 13 in Fighting
 12381 | D:9      | Noticed a two-headed ogre
 12386 | D:9      | Killed a two-headed ogre
 12616 | D:10     | Entered Level 10 of the Dungeon
 12625 | D:10     | Noticed Snorg
 12632 | D:10     | Killed Snorg
 12739 | D:10     | Found a sparkling altar of Nemelex Xobeh.
 12751 | D:10     | Noticed Maurice
 12758 | D:10     | Killed Maurice
 12993 | D:10     | Reached ** piety under Makhleb
 13220 | D:10     | Identified the +0 animal skin of the World {Contam rF+
                  | Stlth+}
 13254 | D:10     | Reached XP level 13. HP: 85/103 MP: 0/0
 13254 | D:10     | Learned a level 5 spell: Hydra Form
 13262 | D:10     | Found a staircase to the Orcish Mines.
 13436 | D:10     | Noticed Nergalle
 13445 | D:10     | Killed Nergalle
 13961 | D:10     | Found an iron altar of Okawaru.
 14618 | D:11     | Noticed a six-headed hydra
 14628 | D:11     | Killed a six-headed hydra
 14824 | D:11     | Reached *** piety under Makhleb
 15128 | D:11     | Found a staircase to the Lair.
 15224 | D:11     | Found a broken altar of Ashenzari.
 15718 | Lair:1   | Entered Level 1 of the Lair of Beasts
 15736 | Lair:1   | Found the ring of Shadows {Umbra +Inv Stlth+}
 15811 | Lair:1   | Reached skill level 10 in Spellcasting
 15872 | Lair:1   | Reached skill level 1 in Invocations
 16374 | Lair:1   | Found a glowing silver altar of Zin.
 17086 | Lair:2   | Found a runed translucent gate.
 17086 | Lair:2   | Found a runed translucent gate.
 17088 | Lair:2   | Found a runed translucent gate.
 17284 | Lair:2   | Found a staircase to the Shoals.
 17485 | Lair:2   | Found a staircase to the Snake Pit.
 17851 | Lair:2   | Noticed Cheivey's ghost (adept MiFi)
 18061 | Lair:3   | Acquired a +2 demon whip of venom
 18149 | Lair:3   | Reached skill level 14 in Fighting
 18177 | Lair:3   | Reached **** piety under Makhleb
 18460 | Lair:3   | Noticed a seven-headed hydra
 18467 | Lair:3   | Reached skill level 5 in Invocations
 18467 | Lair:3   | Reached XP level 14. HP: 97/112 MP: 0/0
 18751 | Lair:3   | You are sucked into a shaft and drop 3 floors!
 18751 | Lair:6   | Entered Level 6 of the Lair of Beasts
 20124 | Lair:6   | Reached ***** piety under Makhleb
 20129 | Lair:6   | Reached skill level 15 in Fighting
 21852 | Lair:4   | Reached skill level 10 in Invocations
 21896 | Lair:4   | Reached XP level 15. HP: 95/120 MP: 0/0
 21896 | Lair:4   | Learned a level 6 spell: Shadow Creatures
 22659 | Lair:5   | Found a staircase to the Slime Pits.
 24982 | Lair:6   | Found a burning altar of Makhleb.
 25716 | Lair:6   | Reached skill level 16 in Fighting
 25835 | Lair:6   | Found a gateway to Hell.
 26100 | Orc:1    | Entered Level 1 of the Orcish Mines
 26238 | Orc:1    | Reached ****** piety under Makhleb
 27492 | Orc:1    | Found Role Die's Assorted Antiques.
 27635 | Orc:2    | Entered Level 2 of the Orcish Mines
 27646 | Orc:2    | Noticed Donald
 28517 | Orc:2    | Found a staircase to the Elven Halls.
 29014 | Orc:2    | Found Koquc's Armour Shop.
 29172 | Orc:2    | Killed Donald
 29450 | Orc:2    | Noticed Saint Roka
 29581 | Orc:2    | Slain by a sixfirhy

Illustrated notes

Levels and vault maps discovered:
D:1:      minmay_arrival_hallway, layout_loops_ring, serial_shops, shop
D:2:      layout_loops_cross, shapermc_ecumenical_altar_flowoftime,
          hangedman_decor_push
D:3:      layout_rooms, general_overflow_altar, overflow_temple_1_default,
          chequers_serial_rivers_micro_e, moated_statue, minmay_surrounded
D:4:      layout_loops_ring, uniq_sigmund, uniq_duvessa
D:5:      layout_cave_pools, grunt_temple_overflow_holy_war,
          nicolae_sif_muna_little_library
D:6:      layout_gridville, minmay_temple_entry_from_below_a, serial_shops,
          kennysheep_mini_moat, nicolae_ossuary_entry_giza,
          mumra_transporter_accident, uniq_blork_the_orc, uniq_maggie,
          uniq_crazy_yiuf_cottage
D:7:      layout_basic, gammafunk_ghost_smash, uniq_harold
D:8:      layout_basic, lemuel_doored_altar, minmay_parallelograms,
          grunt_decor_mini_mirrors
D:9:      layout_basic, hangedman_decor_growths, kennysheep_small_spiral,
          hangedman_minor_magic
D:10:     layout_irregular_city, okawaru_altar_gauntlet_db, old_standard_altar,
          erik_orc_1, uniq_snorg, uniq_nergalle, uniq_maurice
D:11:     layout_cave_pods, grunt_lair_entry_orc_guard_hut,
          evilmike_ruin_ashenzari
Temple:   eino_temple_lava
Lair:1:   layout_misc_corridors, basic_altar
Lair:2:   layout_cave_pods, elwin_shoals_entry_rocks,
          guppyfry_snake_entry_garden, gammafunk_ghost_necromancy
Lair:3:   layout_hall_layers, st_stairs_13, beast_lair_carwin_1
Lair:4:   layout_roguey, portal_ice_cave_demonic_guard
Lair:5:   layout_roguey, minmay_slime_entry_pillars
Lair:6:   evil_forest, layout_cave_pods, kennysheep_abandoned_house
Orc:1:    layout_caves, basic_altar, serial_shops, nicolae_shop_statue_plus
Orc:2:    grunt_orc_community_town_hall, layout_diamond_mine,
          grunt_orc_community_big_house_2, grunt_orc_community_big_house_1,
          grunt_orc_community_house_1, grunt_orc_community_house_1,
          grunt_orc_community_house_3, grunt_orc_community_house_1,
          grunt_orc_community_house_1, grunt_orc_community_house_3, uniq_donald

Skill      XL: |  1  2  3  4  5  6  7  8  9 10 11 12 13 14 15 |
---------------+----------------------------------------------+-----
Fighting       | 2 3 5 6 8 11 12 13 14 15 16 | 16.3
Dodging        | 3 4 5 8 10 | 10.2
Spellcasting   | 1 3 4 5 7 9 10 | 10.0
Armour         | 2 5 7 |  7.7
Invocations    | 5 10 12 | 12.0
Stealth        | |  0.7
Evocations     | |  3.0

Action                   |  1- 3 |  4- 6 |  7- 9 | 10-12 | 13-15 || total
-------------------------+-------+-------+-------+-------+-------++-------
Melee: Club              |    21 |       |       |       |       ||    21
       Flail             |    70 |    31 |       |       |       ||   101
       Short sword       |       |   158 |    32 |       |    17 ||   207
       Staff             |       |       |       |     5 |    14 ||    19
       Demon whip        |       |       |       |       |   202 ||   202
 Cast: Sting             |       |    15 |    16 |       |     2 ||    33
       Stone Arrow       |       |       |    65 |   156 |   638 ||   859
       Blink             |       |       |     3 |     2 |     9 ||    14
       Inner Flame       |       |       |     1 |    13 |    51 ||    65
       Iskenderun's Myst |       |       |       |     4 |     5 ||     9
       Shadow Creatures  |       |       |       |       |     7 ||     7
Evoke: Wand              |       |    13 |     3 |       |       ||    16
  Use: Scroll            |       |     9 |     6 |     4 |    19 ||    38
       Potion            |       |       |       |     2 |     7 ||     9
 Stab: Distracted        |       |       |       |       |     1 ||     1
Armor: Leather armour    |    17 |     7 |     1 |       |       ||    25
       Ring mail         |    15 |    38 |       |       |       ||    53
       Robe              |       |       |    13 |       |   133 ||   146
       Acid dragon scale |       |       |     1 |     8 |    18 ||    27
Dodge: Dodged            |    74 |    72 |    37 |    22 |   442 ||   647
Block: Other             |       |     6 |     9 |    12 |   128 ||   155
       Reflection        |       |     1 |       |     2 |     7 ||    10

Table legend: (Time is in decaauts)
 A = Elapsed time spent in this place.
 B = Non-inter-level travel time spent in this place.
 C = Inter-level travel time spent in this place.
 D = Time resting spent in this place.
 E = Time spent auto-exploring this place.
 F = Levels seen in this place.
 G = Mean time per level.
                   A        B        C        D        E       F      G
               +--------+--------+--------+--------+--------+-----+--------+
         Total |  29602 |  28395 |   1207 |  10026 |  13279 |  20 | 1480.1 |
       Dungeon |  16449 |  15599 |    850 |   5408 |   7542 |  11 | 1495.4 |
        Temple |     56 |     52 |      4 |      0 |     41 |   1 |   56.0 |
          Lair |  10129 |   9805 |    324 |   3302 |   4847 |   6 | 1688.2 |
  Orcish Mines |   2966 |   2937 |     29 |   1315 |    849 |   2 | 1483.0 |
               +--------+--------+--------+--------+--------+-----+--------+

Top non-repeatable levels by time:
  Lair:6: 3380 daAuts
    D:10: 2104 daAuts
     D:9: 1815 daAuts
     D:1: 1762 daAuts
     D:7: 1693 daAuts
  Lair:5: 1623 daAuts
    D:11: 1607 daAuts
  Lair:2: 1567 daAuts
     D:6: 1550 daAuts
  Lair:4: 1515 daAuts
   Orc:1: 1506 daAuts
   Orc:2: 1460 daAuts
     D:4: 1453 daAuts
     D:2: 1434 daAuts
  Lair:3: 1190 daAuts
